 Dungeon Crawl Stone Soup version 0.29-a0-486-ga88943ba61 (webtiles) character file.

Game seed: 1008291128548192656

3672 Morbidden the Ogre Mage (level 10, -16/144 HPs)
             Began as an Ogre Air Elementalist on May 26, 2022.
             Was a Follower of Cheibriados.
             Demolished by Joseph
             ... wielding a +0 quarterstaff
              (21 damage)
             ... on level 9 of the Dungeon.
             The game lasted 00:16:20 (12321 turns).

Morbidden the Ogre Mage (Ogre Air Elementalist)    Turns: 12321, Time: 00:16:20

Health: -16/144    AC:  5    Str: 16    XL:     10   Next: 13%
Magic:  3/22       EV: 11    Int: 34    God:    Cheibriados [*.....]
Gold:   464        SH:  0    Dex: 11    Spells: 14/25 levels left

rFire   . . .      SeeInvis .     - Unarmed
rCold   . . .      Faith    .   (no shield)
rNeg    . . .      Spirit   .   z - +0 robe
rPois   .          Reflect  .   (helmet restricted)
rElec   .          Harm     .   x - +1 cloak
rCorr   .          Rampage  .   (gloves unavailable)
Will    +....                   (boots unavailable)
Stlth   ..........              w - amulet of regeneration
HPRegen 1.14/turn               J - +6 ring of intelligence
MPRegen 0.18/turn               F - +6 ring of intelligence

@: berserking (expiring), flying, very slow
A: large, unfitting armour, tough skin 1
a: Renounce Religion, Bend Time


You were on level 9 of the Dungeon.
You worshipped Cheibriados.
Cheibriados was aware of your devotion.
You visited 2 branches of the dungeon, and saw 10 of its levels.

You collected 464 gold pieces.

Inventory:

Hand Weapons
 b - a +1 dagger of venom
 f - a +2 dagger of holy wrath
Missiles
 r - 9 boomerangs (quivered)
 s - 34 poisoned darts
 A - 4 large rocks
Armour
 x - a +1 cloak (worn)
 z - a +0 robe (worn)
Jewellery
 a - a ring of wizardry
 u - a ring of protection from cold
 w - an amulet of regeneration (around neck)
 y - a ring of fire
 F - a +6 ring of intelligence (right hand)
 J - a +6 ring of intelligence (left hand)
Wands
 D - a wand of flame (11)
Scrolls
 c - a scroll of identify
 g - a scroll of noise
 j - 6 scrolls of immolation
 l - a scroll of magic mapping
 m - a scroll of amnesia
 q - a scroll of vulnerability
 v - a scroll of brand weapon
Potions
 d - 2 potions of brilliance
 h - a potion of berserk rage
 i - 4 potions of curing
 k - 2 potions of invisibility {unknown}
 n - 2 potions of flight
 o - 2 potions of might {unknown}
 p - a potion of haste
 t - a potion of cancellation {unknown}
 C - 2 potions of attraction {unknown}
 E - a potion of lignification {unknown}
 G - 2 potions of magic
 H - a potion of ambrosia {unknown}


   Skills:
 * Level 5.1 Fighting
 + Level 0.3 Short Blades
 + Level 2.8 Throwing
 * Level 4.4 Dodging
 + Level 1.8 Stealth
 * Level 3.2 Unarmed Combat
 * Level 8.1 Spellcasting
 * Level 5.4 Conjurations
 * Level 0.7 Translocations
 * Level 6.8 Air Magic
 * Level 2.0 Invocations


You had 14 spell levels left.
You knew the following spells:

 Your Spells              Type           Power      Damage    Failure   Level
a - Shock                 Conj/Air       100%       1d9       1%          1
b - Airstrike             Air            28%        N/A       1%          4
x - Iskenderun's Mystic   Conj/Tloc      34%        2d8       9%          4
z - Static Discharge      Conj/Air       53%        N/A       1%          2

Your spell library contained the following spells:

 Spells                   Type           Power      Damage    Failure   Level
 Swiftness                Air            57%        N/A       1%          3
 Dazzling Flash           Conj/Hex       64%        N/A       3%          3
 Starburst                Conj/Fire      16%        6d6       86%         6


Dungeon Overview and Level Annotations

Branches:
Dungeon (9/15)             Temple (1/1) D:7
   Lair: D:8-11         Orc: D:9-12

Altars:
Cheibriados
Dithmenos
Elyvilon
Hepliaklqana
Makhleb
Nemelex Xobeh
Okawaru
Ru
Uskayaw
Vehumet
Yredelemnul
Zin

Shops:
D:2 *   D:4 *   D:8 =:(!?

Annotations:
D:9 Joseph


Innate Abilities, Weirdness & Mutations

You are too large for most types of armour.
You have tough skin. (AC +1)


Message History

Unknown command.
You barely miss Joseph.
Joseph is lightly wounded.
Joseph hits you with a +0 quarterstaff!
Unknown command.
You punch Joseph!
Joseph is moderately wounded.
Joseph completely misses you. Joseph hits you with a +0 quarterstaff.
* * * LOW HITPOINT WARNING * * *
Unknown command.
You hit Joseph.
Joseph is moderately wounded.
Joseph closely misses you.
Your magical contamination has completely faded away.
Unknown command.
You hit Joseph.
Joseph is moderately wounded.
Joseph hits you with a +0 quarterstaff. x2
* * * LOW HITPOINT WARNING * * *
Unknown command.
You barely miss Joseph. You punch Joseph!
Joseph is moderately wounded.
Joseph hits you with a +0 quarterstaff!!
* * * LOW HITPOINT WARNING * * *
Unknown command.
You punch Joseph!
Joseph is heavily wounded.
Joseph hits you with a +0 quarterstaff.
* * * LOW HITPOINT WARNING * * *
Joseph closely misses you.
Unknown command.
You hit Joseph. Your punch misses Joseph.
Joseph is heavily wounded.
Joseph hits you with a +0 quarterstaff!!
* * * LOW HITPOINT WARNING * * *
Unknown command.
You hit Joseph.
Joseph is heavily wounded.
Joseph hits you with a +0 quarterstaff!!
You die...

...).........#
.####....##### .#
##..## .# ##.# ##
#.# #.# #.# #####
#.# #...###### #.#
#.#...@@)#
##.####.###...####.#
.........##...# #.#
##.##.........# #@#
##...##...# ...
##.####### ..... #.#
....... #.#
#....)..# #+#
#.......#


You could see Joseph (berserk).

Vanquished Creatures
  Grinder (D:3)
  2 hornets (D:9)
  2 water moccasins
  2 orc warriors
  A sky beast (D:7)
  An ice beast (D:5)
  An ogre (D:5)
  2 phantoms
  2 centaurs (D:7)
  A kobold brigand (D:7)
  3 bullfrogs
  2 gnoll sergeants
  3 scorpions
  7 wights (D:8)
  4 killer bees (D:7)
  A howler monkey (D:7)
  6 hounds
  2 jellies
  5 orc priests
  Natasha (thrice) (D:3)
  3 iguanas
  5 orc wizards
  8 adders
  11 gnolls
  A shadow imp (D:6)
  3 white imps
  An ufetubus (D:5)
  2 worms
  2 dart slugs
  25 orcs
  6 ball pythons
  8 endoplasms
  2 giant cockroaches
  4 goblins
  6 hobgoblins
  3 jackals (D:4)
  8 quokkas
  9 bats
  4 frilled lizards
  13 kobolds
  7 rats
182 creatures vanquished.

Notes
Turn   | Place    | Note
-------+----------+-------------------------------------------
     0 | D:1      | Morbidden the Ogre Air Elementalist began the quest for the
                  | Orb.
     0 | D:1      | Reached XP level 1. HP: 16/16 MP: 3/3
   349 | D:1      | Reached XP level 2. HP: 24/24 MP: 0/5
   703 | D:1      | Reached skill level 1 in Conjurations
   758 | D:1      | Reached XP level 3. HP: 32/32 MP: 5/7
   947 | D:1      | Reached skill level 1 in Fighting
  1393 | D:2      | Found Xipocew's Assorted Antiques.
  1621 | D:2      | Reached skill level 3 in Spellcasting
  2764 | D:2      | Reached XP level 4. HP: 41/41 MP: 4/8
  3028 | D:3      | Reached skill level 1 in Unarmed Combat
  3593 | D:3      | Found a faded altar of an unknown god.
  3604 | D:3      | Reached XP level 5. HP: 46/48 MP: 1/10
  3886 | D:3      | Noticed Natasha
  3891 | D:3      | Killed Natasha
  4083 | D:3      | Noticed Natasha
  4312 | D:3      | Noticed Grinder
  4317 | D:3      | Paralysed by Grinder for 4 turns
  4335 | D:3      | Killed Grinder
  4336 | D:3      | Reached skill level 4 in Spellcasting
  4336 | D:3      | Reached XP level 6. HP: 34/59 MP: 9/12
  4617 | D:3      | Killed Natasha
  4728 | D:3      | Noticed Natasha
  4732 | D:3      | Killed Natasha
  4967 | D:4      | Found a hide-covered altar of Uskayaw.
  5202 | D:4      | Found Suck's Lightly-Used Armoury.
  5525 | D:4      | Reached XP level 7. HP: 66/66 MP: 9/13
  6005 | D:4      | Identified the +0 ring mail of Qazlal's Grace {Int+7}
  6027 | D:5      | Entered Level 5 of the Dungeon
  6027 | D:5      | You fall into a shaft and drop 3 floors!
  6236 | D:6      | Learned a level 2 spell: Static Discharge
  6241 | D:6      | Learned a level 4 spell: Airstrike
  6380 | D:6      | Reached skill level 5 in Spellcasting
  6637 | D:6      | Reached XP level 8. HP: 63/75 MP: 7/15
  7156 | D:5      | Reached skill level 5 in Air Magic
  7547 | D:5      | Reached skill level 1 in Throwing
  8094 | D:5      | Identified the +3 dagger of the Shouting Gods {freeze,
                  | rElec rPois rC- Stlth-}
  8855 | D:7      | Reached skill level 6 in Spellcasting
  9065 | D:7      | Reached XP level 9. HP: 84/84 MP: 0/18
  9771 | D:7      | Reached skill level 5 in Conjurations
 10225 | D:7      | Found a staircase to the Ecumenical Temple.
 10243 | Temple   | Entered the Ecumenical Temple
 10313 | Temple   | Became a worshipper of Cheibriados the Contemplative
 10544 | D:8      | Found Ezac's Magic Scroll Emporium.
 10602 | D:8      | Found Cayzyw's Distillery.
 10676 | D:8      | Found Siosk's Book Boutique.
 10801 | D:8      | Reached skill level 7 in Spellcasting
 11214 | D:8      | Found Ixush's Weapon Boutique.
 11353 | D:8      | Reached skill level 1 in Invocations
 11529 | D:8      | Found Fatifocs's Jewellery Emporium.
 11542 | D:8      | Found a shadowy altar of Dithmenos.
 11756 | D:8      | Learned a level 4 spell: Iskenderun's Mystic Blast
 11786 | D:9      | Noticed a hornet
 11790 | D:9      | Killed a hornet
 11791 | D:9      | Reached skill level 5 in Fighting
 11791 | D:9      | Reached XP level 10. HP: 96/96 MP: 4/21
 11924 | D:9      | Reached * piety under Cheibriados
 12105 | D:9      | Reached skill level 8 in Spellcasting
 12297 | D:9      | Noticed Joseph
 12320 | D:9      | HP: 4/144 [Joseph/+0 quarterstaff (18)]
 12321 | D:9      | Demolished by Joseph

Illustrated notes

Levels and vault maps discovered:
D:1:      ncdulo_lavacross, layout_loops_cross, minmay_ruptured
D:2:      layout_loops_corners, serial_shops, nicolae_square_shop,
          hangedman_abyss_or_decor_stabs
D:3:      layout_loops_cross, ebering_ecumenical_altar_webs, uniq_natasha,
          uniq_grinder
D:4:      layout_basic, mainiacjoe_overflow_24_doors, minmay_shop_damaged
D:5:      layout_basic, minivault_27
D:6:      layout_basic
D:7:      layout_basic, minmay_temple_entry_large_hall
D:8:      layout_loops_ring, grunt_dithmenos_smoke, serial_shops,
          nicolae_shop_bloodbath_and_beyond, shop, nicolae_lakefront_shop, shop,
          nicolae_shop_crystal, grunt_decor_resistance
D:9:      layout_loops_corners, lair_entry_dummy, uniq_prince_ribbit1,
          uniq_joseph
Temple:   regret_index_temple_chain_breaker

Skill      XL: |  1  2  3  4  5  6  7  8  9 10 |
---------------+-------------------------------+-----
Air Magic      | 3 4 5 6 |  6.8
Conjurations   | 1 2 3 4 5 |  5.4
Fighting       | 1 2 3 5 |  5.1
Spellcasting   | 3 4 5 6 7 8 |  8.1
Dodging        | 2 3 4 |  4.4
Unarmed Combat | 1 2 3 |  3.2
Throwing       | 2 |  2.8
Invocations    | 1 2 |  2.0
Short Blades   | |  0.3
Stealth        | |  1.8
Translocations | |  0.7

Action                   |  1- 3 |  4- 6 |  7- 9 | 10-12 || total
-------------------------+-------+-------+-------+-------++-------
Melee: Unarmed           |    42 |    34 |    53 |    31 ||   160
       Punch             |     1 |       |       |     1 ||     2
       Dagger            |       |       |    39 |       ||    39
Throw: Boomerang         |       |       |     2 |     6 ||     8
       Large rock        |       |       |     2 |       ||     2
 Cast: Shock             |   103 |   102 |   280 |    16 ||   501
       Static Discharge  |       |       |    14 |       ||    14
       Airstrike         |       |       |    22 |    10 ||    32
       Iskenderun's Myst |       |       |       |     2 ||     2
  Use: Scroll            |       |     3 |    10 |     2 ||    15
       Potion            |       |     2 |       |     3 ||     5
Armor: Robe              |    19 |    17 |    42 |     3 ||    81
Dodge: Dodged            |    28 |    37 |   106 |    18 ||   189

Table legend: (Time is in decaauts)
 A = Elapsed time spent in this place.
 B = Non-inter-level travel time spent in this place.
 C = Inter-level travel time spent in this place.
 D = Time resting spent in this place.
 E = Time spent auto-exploring this place.
 F = Levels seen in this place.
 G = Mean time per level.
                   A        B        C        D        E       F      G
               +--------+--------+--------+--------+--------+-----+--------+
         Total |  12641 |  12326 |    315 |   1734 |   9100 |  10 | 1264.1 |
       Dungeon |  12546 |  12249 |    297 |   1734 |   9051 |   9 | 1394.0 |
        Temple |     94 |     76 |     18 |      0 |     49 |   1 |   94.0 |
               +--------+--------+--------+--------+--------+-----+--------+

Top non-repeatable levels by time:
     D:2: 2119 daAuts
     D:7: 1723 daAuts
     D:3: 1673 daAuts
     D:8: 1454 daAuts
     D:5: 1381 daAuts
     D:6: 1318 daAuts
     D:1: 1167 daAuts
     D:4: 1107 daAuts
     D:9: 600 daAuts
  Temple: 94 daAuts
